 Dungeon Sprint DCSS version 0.31-a0-963-ga325b2283a (webtiles) character file.

Game seed: 9012510757316112837

5707 BigDaddyOpFi the Severer (level 10, -3/111 HPs)
             Began as a Hill Orc Monk on Oct 24, 2023.
             Was the Champion of Wu Jian.
             Slain by a hellwing (11 damage)
             ... in the Dungeon (Sprint VII: "The Pits").
             The game lasted 00:03:59 (3406 turns).

BigDaddyOpFi the Severer (Hill Orc Monk)            Turns: 3406, Time: 00:04:00

Health: -3/111     AC: 16    Str: 19    XL:     10   Next: 76%
Magic:  10/10      EV:  9    Int: 16    God:    Wu Jian [******]
Gold:   0          SH:  0    Dex: 13    Spells: 9/9 levels left

rFire   . . .        w - +2 war axe (freeze)
rCold   . . .        d - orb {light}
rNeg    . . .        p - +2 plate armour
rPois   .            (no helmet)
rElec   .            r - +2 cloak
rCorr   .            (no gloves)
SInv    .            v - +0 pair of boots
Will    .....        (no amulet) Stlth
                     s - +3 ring of intelligence
HPRegen 0.38/turn    t - +3 ring of intelligence
MPRegen 0.12/turn

%: no teleportation
@: exhausted, glowing
A: no striking features
a: Renounce Religion, Wall Jump, Serpent's Lash, Heavenly Storm


You were in the Dungeon.
You worshipped Wu Jian.
Wu Jian was exalted by your worship.
You visited 1 branch

Inventory:

Hand Weapons
 a - a +0 hand axe
 k - a +2 hand axe
 q - a +2 heavy hand axe
 w - a +2 war axe of freezing (weapon)
Armour
 d - an orb of light (worn)
 p - a +2 plate armour (worn)
 r - a +2 cloak (worn)
 v - a +0 pair of boots (worn)
Jewellery
 s - a +3 ring of intelligence (left hand)
 t - a +3 ring of intelligence (right hand)
Scrolls
 j - a scroll of blinking
 m - 2 scrolls of vulnerability
 n - 5 scrolls of amnesia
 o - a scroll of butterflies
Potions
 c - a potion of ambrosia
 e - 5 potions of heal wounds
 f - 5 potions of curing
 g - a potion of haste
 h - 4 potions of magic
 i - a potion of berserk rage
 l - 2 potions of invisibility
 u - a potion of resistance


   Skills:
 + Level 17.6 Fighting
 + Level 18.8 Axes
 + Level 12.6 Dodging


You had 9 spell levels left.
You didn't know any spells.
Your spell library was empty.

Dungeon Overview and Level Annotations

Branches:
Dungeon (1/1)

Altars:
Ashenzari
Cheibriados
Dithmenos
Elyvilon
Fedhas
Gozag
Hepliaklqana
Kikubaaqudgha
Makhleb
Nemelex Xobeh
Okawaru
Qazlal
Ru
Sif Muna
Trog
Uskayaw
Vehumet
Wu Jian
Xom
Yredelemnul
Zin
The Shining One
Beogh
Jiyva
Lugonu


Message History

You slash the demonic crawler! You freeze the demonic crawler.
The demonic crawler is moderately wounded.
You hit the hellwing. You freeze the hellwing. You slash the bog body!
You freeze the bog body. The bog body touches you! The bog body freezes you!!
The hellwing hits you! The hellwing hits you.
You barely miss the demonic crawler.
The demonic crawler is moderately wounded.
You hit the hellwing but do no damage. You slash the bog body!
The demonic crawler hits you. The demonic crawler barely misses you.
The demonic crawler hits you. The hellwing hits you.
The hellwing hits you but does no damage.
The bog body casts a spell at you. The bolt of cold misses you.
You feel much better. The demonic crawler hits you.
The demonic crawler hits you but does no damage.
The demonic crawler hits you! The demonic crawler closely misses you.
The demonic crawler hits you! The demonic crawler misses you.
The hellwing barely misses you.
The hellwing hits you but does no damage.
The bog body touches you. The bog body freezes you!
* * * LOW HITPOINT WARNING * * *
You feel much better. The demonic crawler hits you.
The demonic crawler closely misses you. The demonic crawler hits you.
The hellwing closely misses you. The hellwing barely misses you.
The bog body points at you and mumbles some strange words.
You resist with significant effort.
You hit the bog body.
The bog body is severely damaged.
You hit the demonic crawler but do no damage.
You hit the hellwing but do no damage. The demonic crawler hits you.
The demonic crawler hits you but does no damage.
The demonic crawler hits you.
You completely miss the bog body.
The bog body is severely damaged.
You slash the hellwing! You freeze the hellwing.
You hit the demonic crawler but do no damage.
The bog body touches you. The bog body freezes you!!
* * * LOW HITPOINT WARNING * * *
The hellwing hits you!
You die...

.....+ .....# .....#
######
################ ###
#.....)))......#
#..#
##....).........#..#
####.))#'######.ns#
#..#####.## ##@##
#....##...# #4..#
'.....#...# #...#
'.....'...+ +...+
'.....#...# #...#
#....##...# #...#
#..#####.## ##'##
####.○§#'######...#
##...☼☼)).......#..#


You could see a demonic crawler, a hellwing and a bog body.

Vanquished Creatures
  An emperor scorpion (D)
  A cyclops (D)
  A manticore (D)
  A gargoyle (D)
  A komodo dragon (D)
  A merfolk (D)
  6 dream sheep (D)
  A snapping turtle (D)
  A flying skull (D)
  Sigmund (D)
  A shadow (D)
  A steam dragon (D)
  A warg (D)
  A redback (D)
  An ice beast (D)
  5 wolves (D)
  A kobold brigand (D)
  2 phantoms (D)
  Blork the orc (D)
  A necrophage (D)
  A scorpion (D)
  2 gnoll sergeants (D)
  A hound (D)
  Crazy Yiuf (D)
  A gnoll bouda (D)
  An orc priest (D)
  2 orc wizards (D)
  12 gnolls (D)
  2 river rats (D)
  A worm (D)
  3 orcs (D)
  A bat skeleton (D)
  A bat zombie (D)
  An endoplasm (D)
  A giant cockroach (D)
  3 jackals (D)
  A quokka (D)
  A frilled lizard (D)
  2 rats (D)
68 creatures vanquished.

Notes
Turn   | Place    | Note
-------+----------+-------------------------------------------
     0 | D        | BigDaddyOpFi the Hill Orc Monk began the quest for the Orb.
     0 | D        | Reached XP level 1. HP: 19/19 MP: 1/1
    17 | D        | Found a bloodstained altar of Trog.
    17 | D        | Found a shimmering blue altar of Sif Muna.
    17 | D        | Found a viscous altar of Jiyva.
    17 | D        | Found a hazy altar of Hepliaklqana.
    17 | D        | Found an opulent altar of Gozag.
    18 | D        | Found a glowing golden altar of the Shining One.
    18 | D        | Found a glowing silver altar of Zin.
    18 | D        | Found a basalt altar of Yredelemnul.
    18 | D        | Found a shimmering altar of Xom.
    18 | D        | Found an ornate altar of the Wu Jian Council.
    18 | D        | Found a sacrificial altar of Ru.
    18 | D        | Found a stormy altar of Qazlal.
    18 | D        | Found an iron altar of Okawaru.
    18 | D        | Found a sparkling altar of Nemelex Xobeh.
    18 | D        | Found a burning altar of Makhleb.
    18 | D        | Found a blossoming altar of Fedhas.
    18 | D        | Found a white marble altar of Elyvilon.
    18 | D        | Found a shadowy altar of Dithmenos.
    18 | D        | Found a snail-covered altar of Cheibriados.
    19 | D        | Found a radiant altar of Vehumet.
    19 | D        | Found a corrupted altar of Lugonu.
    19 | D        | Found a roughly hewn altar of Beogh.
    20 | D        | Found a hide-covered altar of Uskayaw.
    20 | D        | Found an ancient bone altar of Kikubaaqudgha.
    20 | D        | Found a broken altar of Ashenzari.
    32 | D        | Became a worshipper of the Wu Jian Council
    32 | D        | Reached * piety under Wu Jian
    32 | D        | Reached ** piety under Wu Jian
    79 | D        | Reached skill level 5 in Axes
    79 | D        | Reached XP level 2. HP: 15/28 MP: 2/2
   217 | D        | Noticed a scorpion
   223 | D        | Killed a scorpion
   223 | D        | Reached *** piety under Wu Jian
   224 | D        | Reached skill level 7 in Axes
   224 | D        | Reached XP level 3. HP: 38/38 MP: 3/3
   224 | D        | Reached XP level 4. HP: 44/45 MP: 4/4
   404 | D        | Noticed Blork the orc
   417 | D        | HP: 2/45 [Blork the orc/+2 flail of protection (14)]
   423 | D        | Killed Blork the orc
   424 | D        | Reached skill level 8 in Axes
   424 | D        | Reached skill level 5 in Dodging
   424 | D        | Reached XP level 5. HP: 29/53 MP: 5/5
   583 | D        | Noticed a flying skull
   585 | D        | Noticed a phantom
   592 | D        | Reached **** piety under Wu Jian
   593 | D        | Reached skill level 9 in Axes
   597 | D        | Killed a flying skull
   598 | D        | Reached skill level 10 in Fighting
   598 | D        | Reached skill level 11 in Axes
   598 | D        | Reached XP level 6. HP: 59/67 MP: 0/6
   601 | D        | Reached XP level 7. HP: 56/73 MP: 1/7
   603 | D        | Reached ***** piety under Wu Jian
   605 | D        | Reached skill level 12 in Axes
   900 | D        | Noticed Crazy Yiuf
   904 | D        | Killed Crazy Yiuf
  1057 | D        | Noticed a komodo dragon
  1063 | D        | Killed a komodo dragon
  1063 | D        | Reached ****** piety under Wu Jian
  1064 | D        | Reached skill level 13 in Axes
  1064 | D        | Reached XP level 8. HP: 64/85 MP: 8/8
  1382 | D        | Noticed a manticore
  1394 | D        | Killed a manticore
  1395 | D        | Reached skill level 14 in Axes
  1648 | D        | Reached skill level 15 in Axes
  1648 | D        | Reached XP level 9. HP: 95/95 MP: 9/9
  1661 | D        | Noticed a merfolk
  1662 | D        | Noticed a cyclops
  1670 | D        | Reached skill level 10 in Dodging
  1673 | D        | Killed a cyclops
  1685 | D        | Killed a merfolk
  1686 | D        | Reached skill level 15 in Fighting
  1686 | D        | Reached skill level 16 in Axes
  2386 | D        | Noticed Sigmund
  2386 | D        | Noticed a gargoyle
  2393 | D        | Killed Sigmund
  2396 | D        | Killed a gargoyle
  2397 | D        | Reached skill level 17 in Axes
  2397 | D        | Reached XP level 10. HP: 76/107 MP: 10/10
  2424 | D        | Reached skill level 18 in Axes
  3073 | D        | Noticed an emperor scorpion
  3092 | D        | Killed an emperor scorpion
  3397 | D        | Noticed a bog body
  3397 | D        | Noticed a demonic crawler
  3406 | D        | Slain by a hellwing

Illustrated notes

Levels and vault maps discovered:
D:        pitsprint [storerooms_1, entrance_room_1, metal_vault_1, armoury_2,
          mini_pit_1, grid_room_1, main_hall_1, silver_pit, the_coven_3,
          the_vestibule_1, steel_vault_4, golden_pit, hallway_of_sentries,
          crystal_vault_6, iron_vault_3, final_vault]

Skill      XL: |  1  2  3  4  5  6  7  8  9 10 |
---------------+-------------------------------+-----
Fighting       | 4 6 8 10 12 14 16 17 | 17.6
Axes           | 5 7 8 11 13 15 17 18 | 18.8
Dodging        | 3 4 5 7 8 9 11 12 | 12.6

Action                     |  1- 3 |  4- 6 |  7- 9 | 10-12 || total
---------------------------+-------+-------+-------+-------++-------
  Melee: Hand axe          |    14 |    33 |    55 |       ||   102
         War axe           |       |       |    38 |    52 ||    90
 Invoke: Serpent's Lash    |       |     1 |     1 |     1 ||     3
         Heavenly Storm    |       |       |     2 |       ||     2
Ability: Whirlwind         |       |     2 |     8 |     2 ||    12
         Lunge             |       |     2 |     7 |     2 ||    11
    Use: Potion            |     1 |     4 |     2 |     8 ||    15
 Armour: Robe              |     9 |     7 |       |       ||    16
         Plate armour      |       |    19 |    83 |    75 ||   177
  Dodge: Dodged            |     6 |    13 |    49 |    33 ||   101

Table legend: (Time is in decaauts)
 A = Elapsed time spent in this place.
 B = Non-inter-level travel time spent in this place.
 C = Inter-level travel time spent in this place.
 D = Time resting spent in this place.
 E = Time spent auto-exploring this place.
 F = Levels seen in this place.
 G = Mean time per level.
                   A        B        C        D        E       F      G
               +--------+--------+--------+--------+--------+-----+--------+
         Total |   3420 |   3355 |     65 |   2923 |      0 |   1 | 3420.0 |
       Dungeon |   3420 |   3355 |     65 |   2923 |      0 |   1 | 3420.0 |
               +--------+--------+--------+--------+--------+-----+--------+

Top non-repeatable levels by time:
       D: 3420 daAuts
